 Dungeon Crawl Stone Soup version 0.20.0-15-g7f486f2 (webtiles) character file.

187 Raukatau the Sneak (level 5, -2/24 HPs)
             Began as a Spriggan Enchanter on June 26, 2017.
             Was an Initiate of Dithmenos.
             Slain by Grinder (10 damage)
             ... on level 3 of the Dungeon.
             The game lasted 00:20:36 (3216 turns).

Raukatau the Sneak (Spriggan Enchanter)             Turns: 3216, Time: 00:20:37

Health: -2/24      AC:  2    Str:  5    XL:     5   Next: 39%
Magic:  11/13      EV: 18    Int: 17    God:    Dithmenos [......]
Gold:   161        SH:  0    Dex: 16    Spells: 1/13 levels left

rFire    . . .     SeeInvis +   a - +1 dagger
rCold    . . .     Gourm    .   (shield restricted)
rNeg     . . .     Faith    .   b - +0 robe
rPois    .         Spirit   .   (helmet restricted)
rElec    .         Reflect  .   (no cloak)
rCorr    .         Harm     .   (gloves unavailable)
MR       .....                  (boots unavailable)
Stlth    +++.......             (no amulet)
Regen    0.1/turn               (no ring)
MPRegen  0.2/turn               (no ring)

@: very quick
A: unfitting armour, see invisible, herbivore 3, speed 3, slow metabolism 2
a: Renounce Religion


You were on level 3 of the Dungeon.
You worshipped Dithmenos.
Dithmenos was noncommittal.
You were very hungry.

You visited 1 branch of the dungeon, and saw 3 of its levels.

You collected 161 gold pieces.

Inventory:

Hand Weapons
 a - a +1 dagger (weapon)
 k - a +1 whip of freezing
 m - a +0 hunting sling
Missiles
 n - 23 stones (quivered)
Armour
 b - a +0 robe (worn)
Scrolls
 f - 2 scrolls of identify {unknown}
 h - a scroll of noise {unknown}
 l - 2 scrolls of remove curse {unknown}
 q - a scroll of fear {unknown}
 r - a scroll of enchant armour {unknown}
 s - a scroll of amnesia {unknown}
Potions
 e - a potion of degeneration {unknown}
 g - a potion of ambrosia {unknown}
 i - 2 potions of brilliance {unknown}
 j - a potion of lignification {unknown}
 o - a potion of invisibility {unknown}
 p - a potion of curing {unknown}
Books
 c - a book of Maledictions

   Spells                             Type                      Level
   a - Corona                         Hexes                        1
   b - Ensorcelled Hibernation        Hexes/Ice                    2
   c - Confuse                        Hexes                        3
   d - Tukima's Dance                 Hexes                        3
   e - Dazzling Spray                 Conjuration/Hexes            3
Comestibles
 d - 3 bread rations


   Skills:
 - Level 1.1 Short Blades
 - Level 3.0 Dodging
 + Level 6.4 Stealth
 + Level 4.7 Spellcasting
 + Level 5.1 Hexes


You had one spell level left.
You knew the following spells:

 Your Spells              Type           Power        Failure   Level  Hunger
a - Corona                Hex            ###....      1%          1    None
b - Ensorcelled Hibernat  Hex/Ice        ##....       8%          2    #......
c - Confuse               Hex            ###.....     5%          3    ###....
d - Tukima's Dance        Hex            ###.....     5%          3    ###....
e - Dazzling Spray        Conj/Hex       ##....       16%         3    ###....


Dungeon Overview and Level Annotations

Branches:
Dungeon (3/15)

Altars:
Dithmenos

Annotations:
D:3 Grinder


Innate Abilities, Weirdness & Mutations

You are very small and have problems with some larger weapons.
You are too small for most types of armour.
You have supernaturally acute eyesight. (SInv)
You are a herbivore.
You cover ground extremely quickly.
You need consume almost no food.


Message History

You strike the helpless Grinder from behind!
You puncture Grinder!
Grinder is moderately wounded.
You catch the helpless Grinder completely off-guard!
You puncture Grinder!
Grinder is severely wounded.
You hit Grinder.
Grinder is almost dead.
Grinder closely misses you.
You hit Grinder.
Grinder is almost dead.
You barely miss Grinder.
Grinder is almost dead.
You hit Grinder.
Grinder is almost dead.
Grinder seems less confused.
Grinder hits you.
You writhe in agony.
You closely miss Grinder.
Grinder is almost dead.
Grinder hits you!
You die...

#.# #.# ... #.# #.# #.# #.# #.#
######.# ########.# ...##.# #.
...##.#
#########.##5###.###.##.#####
###...........@...........%...#
###...####.##.##.###...#.######..
#....#.###.##.##.# #.....# #..
.................####..### #..
##.#.#.###.##.#........# #[.
###...## #.##.#..####.## #..
.###.## #.......# #.# #.. ......#
#####....####.# #..
.##...###..........##.# ####..


You could see Grinder.

Vanquished Creatures
  Natasha (thrice) (D:2)
  5 adders (D:2)
  4 dart slugs
  A leopard gecko (D:1)
  A ball python (D:2)
  6 bats
  9 goblins
  5 hobgoblins
  10 jackals
  A quokka (D:2)
  2 frilled lizards
  4 kobolds
  4 rats
55 creatures vanquished.

Notes
Turn   | Place    | Note
-------+----------+-------------------------------------------
     0 | D:1      | Raukatau the Spriggan Enchanter began the quest for the Orb.
     0 | D:1      | Reached XP level 1. HP: 9/9 MP: 5/5
   251 | D:1      | Reached XP level 2. HP: 6/13 MP: 7/7
   764 | D:1      | Reached skill level 5 in Stealth
   835 | D:1      | Learned a level 2 spell: Ensorcelled Hibernation
  1205 | D:1      | Reached XP level 3. HP: 16/16 MP: 6/9
  1557 | D:2      | Noticed Natasha
  1561 | D:2      | Killed Natasha
  1584 | D:2      | Noticed Natasha
  1869 | D:2      | Killed Natasha
  1869 | D:2      | Reached XP level 4. HP: 21/21 MP: 8/11
  1954 | D:2      | Noticed Natasha
  1968 | D:2      | Killed Natasha
  1968 | D:2      | Reached skill level 6 in Stealth
  2020 | D:2      | Reached XP level 5. HP: 19/24 MP: 9/12
  2611 | D:2      | Reached skill level 5 in Hexes
  2765 | D:2      | Learned a level 3 spell: Confuse
  2769 | D:2      | Learned a level 3 spell: Tukima's Dance
  2773 | D:2      | Learned a level 3 spell: Dazzling Spray
  2774 | D:3      | Found a shadowy altar of Dithmenos.
  2782 | D:3      | Became a worshipper of Dithmenos the Shadowed
  3191 | D:3      | Noticed Grinder
  3216 | D:3      | Slain by Grinder

Skill      XL: |  1  2  3  4  5 |
---------------+----------------+-----
Spellcasting   | 3 4 |  4.7
Stealth        | 5 6 |  6.4
Hexes          | 4 5 |  5.1
Short Blades   | |  1.1
Dodging        | |  3.0

Action                   |  1- 3 |  4- 6 || total
-------------------------+-------+-------++-------
Melee: Dagger            |   140 |   108 ||   248
Throw: Stone             |       |     5 ||     5
 Cast: Ensorcelled Hiber |    11 |    11 ||    22
       Confuse           |       |     1 ||     1
 Stab: Sleeping          |     7 |    14 ||    21
       Confused          |       |     2 ||     2
Armor: Robe              |    13 |     9 ||    22
Dodge: Dodged            |   120 |    62 ||   182
